Map: [ESL] Inside and Out

Players

Kelazhur - Winner!

  • Race: Terran Terran
  • Spawn Location: 7:00

MasTeR

  • Race: Protoss Protoss
  • Spawn Location: 1:00

Event: DreamHack SC2 Masters 2022 Atlanta (Online)

VOD

Have the link to the VOD?

Description

Time

  • Played on: Sept. 28, 2022, 4:33 p.m.
  • Length: 10:28

All games in this series

Show
View Real Time Build Order
Export as new Build Order

Kelazhur Terran - Winner!

Build Orders:  

Get SALT Encoding   

  12  0:00  SCV  
  13  0:12  SCV  
  14  0:17  Supply Depot  
  14  0:24  SCV  
  15  0:38  SCV  
  15  0:40  Barracks  
  16  0:43  Refinery  
  16  0:50  SCV  
  16  0:52  Refinery  
  17  1:02  SCV  
  18  1:14  SCV  
  19  1:27  Reaper, Orbital Command  
  19  1:28  Supply Depot  
  20  1:42  Factory  
  20  1:53  SCV  
  21  1:59  Barracks Reactor  
  21  2:05  SCV  
  22  2:15  Command Center  
  22  2:17  SCV  
  23  2:29  SCV  
  24  2:35  Starport  
  24  2:36  Marine x2  
  26  2:41  SCV  
  27  2:46  Widow Mine  
  29  2:54  SCV  
  29  2:55  Supply Depot  
  31  3:07  SCV  
  31  3:16  Marine x2  
  31  3:17  Medivac, Widow Mine  
  31  3:19  SCV  
  38  3:27  Orbital Command  
  38  3:31  SCV  
  39  3:34  Marine x2  
  39  3:38  Factory Tech Lab  
  41  3:44  SCV  
  45  3:53  Engineering Bay, SCV  
  45  3:55  Marine x2  
  45  3:56  SCV  
  45  3:57  Siege Tank  
  45  3:58  Supply Depot  
  45  4:01  Liberator  
  52  4:07  SCV  
  52  4:09  SCV  
  53  4:13  Marine  
  54  4:19  SCV, Marine  
  56  4:25  Supply Depot  
  56  4:28  SCV  
  56  4:29  Barracks  
  56  4:30  Barracks  
  57  4:31  SCV  
  57  4:37  Siege Tank  
  61  4:40  SCV  
  62  4:46  Refinery, Marine, SCV  
  62  4:48  Supply Depot, Refinery  
  62  4:49  Starport Tech Lab  
  62  4:50  Marine  
  65  4:56  SCV  
  65  4:58  SCV  
  64  5:08  SCV  
  64  5:10  SCV  
  66  5:20  SCV  
  64  5:23  SCV  
  56  5:32  SCV  
  56  5:33  Starport Reactor  
  56  5:35  SCV, Marauder, Factory Reactor, Stimpack, Combat Shield, Marine x2  
  62  5:36  Marauder  
  62  5:40  Terran Infantry Weapons Level 1  
  62  5:42  Supply Depot  
  63  5:44  SCV  
  63  5:47  SCV  
  65  5:53  Marine x2  
  65  5:55  Supply Depot  
  65  5:56  SCV  
  72  5:57  Marauder x2  
  72  5:59  SCV  
  73  6:08  Command Center  
  73  6:10  Medivac x2  
  77  6:14  Supply Depot  
  77  6:16  Marine  
  79  6:19  Marauder  
  79  6:20  Marine  
  79  6:21  Marine  
  79  6:23  Widow Mine  
  79  6:25  Widow Mine  
  86  6:28  SCV  
  87  6:33  SCV  
  87  6:36  Marine  
  87  6:37  Marine  
  87  6:39  Supply Depot, Marauder  
  92  6:41  Marauder  
  92  6:42  Medivac  
  92  6:44  Medivac  
  98  6:48  SCV x2  
  98  6:50  Widow Mine  
  102  6:54  Concussive Shells  
  102  6:58  Supply Depot  
  102  7:00  Marine x2  
  104  7:02  Supply Depot  
  104  7:04  Marauder  
  104  7:06  Marauder  
  104  7:07  SCV  
  109  7:18  SCV  
  109  7:19  Medivac x2  
  109  7:20  SCV  
  111  7:30  SCV  
  111  7:31  Marauder x2, Marine x2  
  111  7:32  SCV  
  118  7:42  SCV  
  113  7:44  SCV  
  113  7:50  Terran Infantry Armor Level 1  
  113  7:52  Barracks  
  113  7:53  Barracks  
  113  7:54  SCV  
  113  7:55  Marauder, Marine  
  113  7:56  SCV, Marauder  
  120  8:00  Orbital Command  
  120  8:02  Marine  
  121  8:06  Widow Mine x2  
  121  8:09  SCV x2  
  127  8:17  Armory  
  127  8:19  Marauder  
  129  8:21  SCV  
  129  8:25  Marine x2  
  129  8:26  SCV, Marauder  
  133  8:30  Widow Mine x2  
  137  8:41  Marauder  
  133  8:42  Marine x2  
  133  8:43  Marine  
  133  8:46  Marine  
  133  8:47  Marauder  
  126  8:49  SCV x2  
  126  8:51  Widow Mine x2  
  126  9:01  Marine  
  126  9:02  Marauder  
  131  9:03  Viking x2  
  131  9:04  Barracks Reactor, Barracks Tech Lab  
  131  9:06  Refinery x2  
  131  9:08  Ghost Academy, Marauder  
  131  9:09  Engineering Bay  
  135  9:14  Supply Depot, Marine  
  133  9:23  Marauder x2  
  137  9:30  Marauder  
  139  9:33  Widow Mine  
  139  9:35  Viking x2, Widow Mine  
  139  9:36  Marine x2  
  149  9:41  Command Center  
  149  9:44  Supply Depot  
  149  9:45  Supply Depot  
  149  9:54  Marauder  
  149  9:55  Marauder  
  149  9:59  Marauder  
Show
View Real Time Build Order
Export as new Build Order

MasTeR Protoss 

Build Orders: 1 Gate Expand, Blink Stalkers 

Get SALT Encoding   

  12  0:00  Probe  
  13  0:12  Probe  
  14  0:17  Pylon  
  14  0:24  Probe (Chrono Boost)  
  15  0:36  Gateway, Probe (Chrono Boost)  
  16  0:44  Probe (Chrono Boost)  
  16  0:47  Assimilator  
  17  0:51  Probe  
  18  1:03  Probe  
  19  1:15  Probe  
  20  1:23  Cybernetics Core  
  20  1:32  Nexus  
  20  1:39  Pylon  
  20  1:41  Probe  
  21  1:48  Assimilator  
  21  1:53  Probe  
  22  1:58  Adept (Chrono Boost)  
  24  2:02  Warp Gate  
  24  2:05  Probe  
  25  2:18  Probe, Stalker (Chrono Boost)  
  28  2:30  Probe  
  28  2:32  Twilight Council  
  29  2:43  Shield Battery, Probe (Chrono Boost)  
  29  2:45  Probe (Chrono Boost)  
  30  2:57  Probe (Chrono Boost)  
  32  3:00  Probe (Chrono Boost)  
  32  3:03  Probe (Chrono Boost)  
  32  3:05  Stalker  
  32  3:06  Probe (Chrono Boost)  
  32  3:07  Blink (Chrono Boost)  
  32  3:11  Probe  
  36  3:18  Probe  
  37  3:23  Probe  
  38  3:30  Probe  
  38  3:32  Gateway  
  39  3:35  Probe  
  40  3:42  Robotics Facility, Probe  
  40  3:48  Probe  
  42  3:50  Pylon  
  42  3:51  Stalker  
  42  3:54  Probe  
  45  4:00  Probe, Pylon  
  46  4:08  Probe  
  47  4:16  Stalker, Pylon  
  50  4:21  Nexus  
  50  4:23  Probe  
  50  4:24  Probe  
  50  4:30  Assimilator  
  51  4:32  Stalker  
  51  4:33  Observer  
  51  4:35  Probe  
  51  4:36  Probe  
  56  4:42  Stalker  
  58  4:50  Probe  
  58  4:52  Gateway  
  59  4:56  Stalker  
  59  4:57  Probe  
  62  5:01  Immortal (Chrono Boost)  
  62  5:02  Probe  
  65  5:07  Assimilator  
  65  5:12  Stalker  
  65  5:18  Probe  
  62  5:26  Stalker  
  56  5:29  Probe (Chrono Boost)  
  57  5:37  Probe (Chrono Boost)  
  57  5:39  Probe (Chrono Boost)  
  57  5:41  Probe (Chrono Boost)  
  58  5:46  Robotics Bay  
  58  5:47  Probe (Chrono Boost)  
  58  5:49  Probe (Chrono Boost)  
  61  5:50  Probe (Chrono Boost)  
  61  5:52  Probe (Chrono Boost), Stalker  
  65  5:58  Probe (Chrono Boost)  
  65  6:00  Probe (Chrono Boost)  
  65  6:02  Pylon  
  67  6:07  Probe (Chrono Boost)  
  67  6:08  Probe (Chrono Boost)  
  67  6:09  Sentry x2  
  67  6:10  Probe (Chrono Boost)  
  73  6:13  Probe x2 (Chrono Boost)  
  75  6:22  Shield Battery  
  75  6:24  Probe x2  
  77  6:27  Probe  
  77  6:29  Colossus (Chrono Boost)  
  77  6:30  Colossus (Chrono Boost)  
  77  6:37  Gateway  
  77  6:38  Gateway  
  77  6:39  Probe  
  84  6:40  Probe  
  84  6:41  Probe  
  86  6:48  Stalker x2  
  86  6:52  Pylon  
  90  6:55  Probe x3  
  90  6:58  Extended Thermal Lance (Chrono Boost)  
  93  7:07  Pylon  
  93  7:09  Pylon  
  93  7:10  Probe x2  
  93  7:13  Stalker x2  
  93  7:15  Probe  
  100  7:21  Pylon  
  100  7:22  Probe  
  101  7:23  Probe  
  101  7:27  Probe, Stalker  
  93  7:33  Charge (Chrono Boost), Stalker x2  
  93  7:34  Probe  
  93  7:35  Probe  
  97  7:39  Probe  
  94  7:46  Probe  
  94  7:47  Probe, Stalker  
  94  7:48  Stalker  
  101  7:51  Probe  
  101  7:54  Assimilator  
  101  7:58  Probe  
  108  7:59  Probe, Assimilator  
  108  8:03  Zealot x2, Probe  
  108  8:05  Sentry  
  116  8:09  Gateway  
  116  8:11  Gateway  
  116  8:13  Gateway  
  116  8:21  Stalker x2  
  120  8:30  Stalker x2  
  98  8:49  Stalker  
  98  8:52  Probe x3  
  91  8:58  Robotics Facility, Stalker x2  
  91  8:59  Robotics Facility  
  93  9:02  Robotics Facility  
  93  9:05  Robotics Facility  
  93  9:10  Stalker x3  
  93  9:12  Pylon  
  93  9:13  Pylon  
  93  9:15  Sentry  
  101  9:21  Zealot x2  
  101  9:24  Gravitic Drive (Chrono Boost)  
  105  9:26  Nexus  
  105  9:27  Pylon  
  105  9:29  Pylon  
  103  9:32  Pylon  
  103  9:33  Stalker x2  
  103  9:34  Stalker  
  103  9:37  Gateway  
  109  9:41  Nexus  
  109  9:43  Sentry x3  
  114  9:50  Observer (Chrono Boost)  
  114  9:52  Pylon  
  115  9:58  Probe  
  106  10:04  Observer (Chrono Boost), Probe x2  
  115  10:11  Probe  
  115  10:12  Zealot x2  
  115  10:13  Zealot x2  
Tags
 
Add a new tag
Caveats
  • Supply blocks, unpowered buildings, or Contaminate may cause inaccurate times.
  • Supply counts are checked every 10 seconds.